 Dungeon Crawl Stone Soup version 0.30-a0-4-ga7cffc901d (webtiles) character file.

Game seed: 7812773763511743647

3 Sabo the Gusty (level 1, 0/16 HPs)
             Began as an Ogre Air Elementalist on Aug 20, 2022.
             Slain by an endoplasm (2 damage)
             ... on level 1 of the Dungeon.
             The game lasted 00:00:49 (83 turns).

Sabo the Gusty (Ogre Air Elementalist)                Turns: 83, Time: 00:00:49

Health: 0/16       AC:  3    Str: 11    XL:     1   Next: 50%
Magic:  0/4        EV:  9    Int: 16    God:
Gold:   0          SH:  0    Dex:  9    Spells: 4/5 levels left

rFire   + . .      SeeInvis .    (no weapon)
rCold   . . .      Faith    .    (no shield)
rNeg    . . .      Spirit   .    a - +0 robe
rPois   .          Reflect  .    (helmet restricted)
rElec   .          Harm     .    (no cloak)
rCorr   .          Rampage  .    (gloves unavailable)
Will    .....                    (boots unavailable)
Stlth   +.........               (no amulet)
HPRegen 0.05/turn                c - ring of protection from fire
MPRegen 0.09/turn                (no ring)

@: no status effects
A: large, unfitting armour, tough skin 1
a: no special abilities


You were on level 1 of the Dungeon.
You visited 1 branch of the dungeon, and saw 1 of its levels.

Inventory:

Armour
 a - a +0 robe (worn)
Jewellery
 c - a ring of protection from fire (left hand)
Potions
 b - a potion of magic


   Skills:
 + Level 1.8 Dodging
 + Level 1.4 Stealth
 + Level 2.5 Spellcasting
 + Level 0.8 Conjurations
 + Level 2.8 Air Magic


You had 4 spell levels left.
You knew the following spells:

 Your Spells              Type           Power      Damage    Failure   Level
a - Shock                 Conj/Air       28%        1d4       10%         1

Your spell library contained the following spells:

 Spells                   Type           Power      Damage    Failure   Level
 Static Discharge         Conj/Air       7%         3-4/arc   14%         2
 Swiftness                Air            11%        N/A       19%         3
 Airstrike                Air            5%         2d(1-17)  52%         4


Dungeon Overview and Level Annotations

Branches:
Dungeon (1/15)

Altars:


Innate Abilities, Weirdness & Mutations

You are too large for most types of armour.
You have tough skin. (AC +1)


Message History

The slug dart hits you.
An endoplasm comes into view.
The dart slug launches a dart at you. The slug dart hits you.
Your magical contamination has completely faded away.
You hit the dart slug but do no damage.
The dart slug is lightly wounded.
The dart slug launches a dart at you. The slug dart hits you.
You hit the dart slug.
The dart slug is moderately wounded.
The endoplasm misses you. The dart slug closely misses you.
You hit the dart slug.
The dart slug is moderately wounded.
The endoplasm barely misses you.
You hit the dart slug.
The dart slug is heavily wounded.
The dart slug closely misses you. The endoplasm freezes you.
You are frozen.
You hit the dart slug.
The dart slug is severely wounded.
The endoplasm freezes you.
You are frozen.
* * * LOW HITPOINT WARNING * * *
The dart slug bites you.
* * * LOW HITPOINT WARNING * * *
Casting: Shock (safe; 10% risk of failure)
Confirm with . or Enter, or press ? or * to list all spells.
Aiming: Shock (safe; 10% risk of failure)
Press: ? - help, Shift-Dir - straight line, f - dart slug
Aim: a dart slug (severely wounded, 100% to hit)
The zap hits the dart slug.
You kill the dart slug!
The endoplasm closely misses you.
Unknown command.
You hit the endoplasm.
The endoplasm is heavily wounded.
The endoplasm hits you.
You die...

..........
.............
.............
..)........
#.......# #.......#
#†J.....# #@......#
########.......#
...............#
...............#
##.########.#####.##
................#.#
#######'#######.#.#
#.............# #.#
#.###########.# #..


You could see an endoplasm.

Vanquished Creatures
  A dart slug (D:1)
  A kobold (D:1)
2 creatures vanquished.

Notes
Turn   | Place    | Note
-------+----------+-------------------------------------------
     0 | D:1      | Sabo the Ogre Air Elementalist began the quest for the Orb.
     0 | D:1      | Reached XP level 1. HP: 16/16 MP: 3/3
    83 | D:1      | Slain by an endoplasm

Illustrated notes

Levels and vault maps discovered:
D:1:      matt_arrival_refuge, layout_basic, hellmonk_ecumenical_altar_run_dry

Action                   || total
-------------------------++-------
Melee: Unarmed           ||     6
 Cast: Shock             ||     3
Armor: Robe              ||     1
Dodge: Dodged            ||     5

Table legend: (Time is in decaauts)
 A = Elapsed time spent in this place.
 B = Non-inter-level travel time spent in this place.
 C = Inter-level travel time spent in this place.
 D = Time resting spent in this place.
 E = Time spent auto-exploring this place.
 F = Levels seen in this place.
 G = Mean time per level.
                   A        B        C        D        E       F      G
               +--------+--------+--------+--------+--------+-----+--------+
         Total |     82 |     82 |      0 |      0 |      0 |   1 |   82.0 |
       Dungeon |     82 |     82 |      0 |      0 |      0 |   1 |   82.0 |
               +--------+--------+--------+--------+--------+-----+--------+

Top non-repeatable levels by time:
     D:1: 82 daAuts
